[Event "Late-Titled-Tuesday-Blitz-June-18-2024"]
[Site "Chess.com"]
[Date "2024.06.18"]
[Round "4"]
[White "szachmistrz2500"]
[Black "Meri-Arabidze"]
[Result "0-1"]
[WhiteElo "2499"]
[BlackElo "2670"]
[TimeControl "180+1"]
[EndTime "14:39:53 PDT"]
[Termination "Meri-Arabidze won by resignation"]

1. e4 c5 2. Nf3 e6 3. d4 cxd4 4. Nxd4 Nc6 5. Nb5 d6 6. c4 Nf6 7. N1c3 a6 8. Na3 Be7 9. Be3 b6 10. Be2 Bb7 11. O-O O-O 12. Qd2 Ne5 13. f3 Rc8 14.
Rfd1 Qc7 15. Rac1 Kh8 16. Bf1 Ned7 17. Qf2 Bd8 18. Qg3 Qb8 19. Nc2 Bc7 20. Qh4 Ne5 21. b3 Ng6 22. Qh3 Rfe8 23. Nd4 d5 24. cxd5 exd5 25.
Nf5 dxe4 26. fxe4 Nxe4 27. Bd4 Be5 28. Ne2 Rxc1 29. Rxc1 Bxd4+ 30. Nexd4 Qf4 31. Re1 Qf2+ 0-1

[Event "Late-Titled-Tuesday-Blitz-June-18-2024"]
[Site "Chess.com"]
[Date "2024.06.18"]
[Round "4"]
[White "manitodeplomo"]
[Black "guillembaches"]
[Result "1/2-1/2"]
[WhiteElo "2672"]
[BlackElo "2527"]
[TimeControl "180+1"]
[EndTime "14:39:55 PDT"]
[Termination "Game drawn by repetition"]

1. d4 Nf6 2. c4 e6 3. Nf3 d5 4.
Nc3 a6 5. cxd5 exd5 6. Bg5 Be6 7. e3 Nbd7 8. Be2 Bd6 9. O-O c6 10. Bh4 Qc7 11. Bg3 Bxg3 12. hxg3 O-O 13. Rc1 Rfe8 14. a3 a5 15. Qb3 Ne4 16. Qc2 Bf5 17. Bd3 Ndf6 18. Ne5 Qd6 19. Na4 Nd7 20. f3 Nxe5 21. dxe5 Rxe5 22. fxe4 Bxe4 23. Bxe4 Rxe4 24. Nc5 Rxe3 25.
Nxb7 Qxg3 26. Qxc6 Re2 27. Qxd5 Qe3+ 28. Kh1 Qh6+ 29. Kg1 Qe3+ 30. Kh1 Qh6+ 31. Kg1 Qe3+ 1/2-1/2

[Event "Late-Titled-Tuesday-Blitz-June-18-2024"]
[Site "Chess.com"]
[Date "2024.06.18"]
[Round "4"]
[White "mestrefeitosa19"]
[Black "ChessSG1"]
[Result "0-1"]
[WhiteElo "2296"]
[BlackElo "2480"]
[TimeControl "180+1"]
[EndTime "14:39:56 PDT"]
[Termination "ChessSG1 won by resignation"]

1. c4 c5 2. Nc3 g6 3. Nf3 Bg7 4.
g3 Nc6 5. Bg2 e5 6. O-O Nge7 7.
e3 O-O 8. d4 exd4 9. exd4 cxd4 10. Nb5 d5 11. cxd5 Nxd5 12. Nbxd4 Re8 13. Nxc6 bxc6 14.
Nd4 Qb6 15. Nxc6 Bb7 16. Bxd5 Bxc6 17. Be3 Qb7 18. Bxc6 Qxc6 19. Rc1 Qb7 20. b3 Rad8 21.
Qc2 h5 22. Qc5 h4 23. Qxa7 Qf3 24. gxh4 Re4 25. h3 Qxh3 26. f3 Qg3+ 0-1

[Event "Late-Titled-Tuesday-Blitz-June-18-2024"]
[Site "Chess.com"]
[Date "2024.06.18"]
[Round "4"]
[White "GothamChess"]
[Black "2346PL"]
[Result "1-0"]
[WhiteElo "2723"]
[BlackElo "2535"]
[TimeControl "180+1"]
[EndTime "14:39:57 PDT"]
[Termination "GothamChess won by resignation"]

1. e4 e5 2. Nf3 Nf6 3. d3 Nc6 4. c3 d5 5. Qc2 Be7 6. h3 O-O 7. Be2 h6 8. Nbd2 Be6 9. Nf1 Nh5 10.
g3 f5 11. exf5 Bxf5 12. g4 e4 13. gxf5 exf3 14. Bxf3 Nf6 15. d4 Qd7 16. Rg1 Kh8 17. Ne3 b5 18. Bd2 a5 19. Rg6 b4 20. Ng4 Nxg4 21.
hxg4 a4 22. Kf1 a3 23. Kg2 axb2 24. Qxb2 bxc3 25. Bxc3 Bg5 26. Qb5 Rf6 27. Qxd5 Qxd5 28. Bxd5 Ra6 29. Rh1 Rxg6 30. fxg6 Ne7 31. Rb1 Nxg6 32.
Rb8+ Kh7 33. Bg8+ Kh8 34. Bc4+ 1-0

[Event "Late-Titled-Tuesday-Blitz-June-18-2024"]
[Site "Chess.com"]
[Date "2024.06.18"]
[Round "4"]
[White "xasid81"]
[Black "scrambleyourbrain"]
[Result "0-1"]
[WhiteElo "2561"]
[BlackElo "2402"]
[TimeControl "180+1"]
[EndTime "14:39:57 PDT"]
[Termination "scrambleyourbrain won by resignation"]

1. e4 c5 2. Nf3 d6 3. c3 Nf6 4. Bd3 Nc6 5. Bc2 e5 6. h3 Be6 7.
O-O Be7 8. d4 cxd4 9. cxd4 exd4 10. Nxd4 Nxd4 11. Qxd4 O-O 12. Nc3 Rc8 13. Qxa7 b5 14. Bd3 b4 15. Nb5 d5 16. e5 Bc5 17.
Qa4 Nd7 18. Bf4 Ra8 19. Qd1 Qb6 20. a4 bxa3 21. bxa3 Ra5 22. a4 Rfa8 23. Qc2 g6 24. h4 Rc8 25. Qe2 Rca8 26. Nc3 Bd4 27. Rab1 Qc7 28.
Nb5 Qb6 29. Nxd4 Qxd4 30. Bg3 Rxa4 31. Rbd1 Bg4 32. Qc2 Bxd1 33. Rxd1 Ra1 34. Rxa1 Rxa1+ 35. Kh2 Nc5 36. Bb5 Qd1 37. Qxd1 Rxd1 38. Be2 Re1 39. Bf3 d4 40. Bg4 d3 41. f4 d2 42.
Bf3 d1=Q 43. Bxd1 Rxd1 44. Bf2 Nd3 45. Be3 Re1 0-1

[Event "Late-Titled-Tuesday-Blitz-June-18-2024"]
[Site "Chess.com"]
[Date "2024.06.18"]
[Round "4"]
[White "temus_galaktionov"]
[Black "DenLaz"]
[Result "0-1"]
[WhiteElo "2868"]
[BlackElo "3095"]
[TimeControl "180+1"]
[EndTime "14:39:58 PDT"]
[Termination "DenLaz won by resignation"]

1. d4 f5 2. Nf3 Nf6 3. c4 g6 4. g3 Bg7 5. Bg2 O-O 6. O-O d6 7. Nc3 c6 8. Rb1 a5 9. a3 Ne4 10. Qb3 Kh8 11. Rd1 Na6 12. Be3 Nc7 13. d5 Nxc3 14.
bxc3 c5 15. Rb2 a4 16. Qc2 Qe8 17. Rb6 h6 18. h4 Ra6 19. Rdb1 Rxb6 20. Rxb6 Na6 21.
Nd2 Nb8 22. Nf1 Nd7 23. Rb5 Ne5 24. Nd2 Nxc4 25. Qxa4 Nxe3 26. fxe3 Bd7 27. c4 Bxb5 28. cxb5 Qa8 29. Qb3 Qa5 30. Nc4 Qe1+ 31. Kh2 g5 32. a4 gxh4 33. gxh4 Qxh4+ 34. Kg1 Qe1+ 35. Kh2 Rg8 36.
Qd3 Be5+ 0-1

[Event "Late-Titled-Tuesday-Blitz-June-18-2024"]
[Site "Chess.com"]
[Date "2024.06.18"]
[Round "4"]
[White "ElCoachRene"]
[Black "Redzishchess"]
[Result "0-1"]
[WhiteElo "2093"]
[BlackElo "2450"]
[TimeControl "180+1"]
[EndTime "14:39:58 PDT"]
[Termination "Redzishchess won by resignation"]

1. Nf3 b6 2. d4 Bb7 3. Bf4 Nf6 4. e3 e6 5. Nbd2 c5 6. c3 Be7 7. h3 O-O 8. Bd3 Nc6 9. Qe2 d6 10. O-O Qc7 11. Ba6 Rad8 12. dxc5 bxc5 13. Rfd1 e5 14. Bg5 d5 15. Bxb7 Qxb7 16. Rab1 e4 17. Nh2 h6 18. Bh4 Ne5 19. Bg3 Nd3 20. c4 Qa6 21. cxd5 Rxd5 22. Nb3 Qxa2 23. Qc2 Qa6 24. Ra1 Qb6 25. Ra2 Rfd8 26. Rda1 Nb4 0-1

[Event "Late-Titled-Tuesday-Blitz-June-18-2024"]
[Site "Chess.com"]
[Date "2024.06.18"]
[Round "4"]
[White "Dhaydon19"]
[Black "Levanzovsky"]
[Result "1-0"]
[WhiteElo "2646"]
[BlackElo "2406"]
[TimeControl "180+1"]
[EndTime "14:39:59 PDT"]
[Termination "Dhaydon19 won by resignation"]

1. e4 e5 2. Nf3 Nc6 3. Bb5 a6 4. Ba4 Nf6 5. d3 b5 6. Bb3 Be7 7. c3 d6 8. h3 O-O 9. O-O Na5 10. Bc2 c5 11. d4 Nc6 12. Re1 Re8 13. a4 Bb7 14. axb5 axb5 15. Rxa8 Qxa8 16. Na3 b4 17.
Nb5 Qa5 18. dxe5 Nxe5 19. Nxd6 Rd8 20. Nxe5 Bxd6 21. Nc4 Bh2+ 22. Kxh2 Rxd1 23. Rxd1 Qc7+ 24. e5 Nd5 25. Be4 Nb6 26. Bxb7 Nxc4 27. f4 g5 28. Bd5 Nb6 29. c4 b3 30. Rd3 Nxd5 31. cxd5 c4 32.
Rg3 h6 33. d6 Qc5 34. fxg5 Qxe5 35. gxh6+ Kh7 36. d7 Qd6 37. Bf4 Qxd7 38. Rg7+ Kh8 39.
Be5 f6 40. Rxd7 fxe5 41. Rc7 c3 1-0

[Event "Late-Titled-Tuesday-Blitz-June-18-2024"]
[Site "Chess.com"]
[Date "2024.06.18"]
[Round "4"]
[White "AlivodicDario"]
[Black "topce"]
[Result "0-1"]
[WhiteElo "2366"]
[BlackElo "2528"]
[TimeControl "180+1"]
[EndTime "14:39:59 PDT"]
[Termination "topce won by resignation"]

1. d4 Nf6 2. c4 e6 3. Nc3 c5 4. d5 d6 5. e4 g6 6. f4 exd5 7. cxd5 Bg7 8. Bb5+ Nfd7 9. Nf3 O-O 10. O-O a6 11.
Bd3 b5 12. Kh1 c4 13. Bc2 Nc5 14. f5 Nbd7 15. Bg5 Bf6 16. Bf4 Ne5 17. Nxe5 Bxe5 18. Bxe5 dxe5 19. f6 Nd7 20. Qf3 Rb8 21.
Rf2 Rb6 22. Raf1 Rxf6 23. Qg3 Rxf2 24. Rxf2 Qe7 25. Nd1 Nc5 26. Ne3 Kh8 27. d6 Qxd6 28.
Nd5 f5 29. Qh4 f4 30. g3 Bb7 31. gxf4 Bxd5 32. fxe5 Qd8 33. Qxd8 Rxd8 34. Rd2 Bxe4+ 0-1

[Event "Late-Titled-Tuesday-Blitz-June-18-2024"]
[Site "Chess.com"]
[Date "2024.06.18"]
[Round "4"]
[White "Masterisback04"]
[Black "CruzWilliam"]
[Result "1-0"]
[WhiteElo "2121"]
[BlackElo "2435"]
[TimeControl "180+1"]
[EndTime "14:39:59 PDT"]
[Termination "Masterisback04 won by resignation"]

1. e4 e6 2. d4 d5 3. e5 c5 4. c3 Nc6 5. Nf3 Qb6 6. a3 c4 7. Nbd2 Na5 8. Rb1 Bd7 9. b4 cxb3 10. c4 Ba4 11. cxd5 exd5 12. Bd3 Qc6 13. Qe2 Rc8 14. O-O Ne7 15. e6 Qxe6 16. Bb5+ Bxb5 17. Qxb5+ Nac6 18. Nxb3 f6 19. Nc5 Qd6 20. Re1 Kf7 21. Nxb7 Qc7 22. g3 h5 23. Bf4 Qb6 24. Nd6+ Kg8 25. Nxc8 Nxc8 26. Qxd5+ 1-0

[Event "Late-Titled-Tuesday-Blitz-June-18-2024"]
[Site "Chess.com"]
[Date "2024.06.18"]
[Round "4"]
[White "AlexanderMatlak"]
[Black "SoCalJuniorChess"]
[Result "1-0"]
[WhiteElo "2466"]
[BlackElo "2211"]
[TimeControl "180+1"]
[EndTime "14:39:59 PDT"]
[Termination "AlexanderMatlak won on time"]

1. c4 c5 2. Nf3 Nc6 3. Nc3 e5 4.
g3 Nf6 5. Bg2 d6 6. O-O g6 7. a3 Bg7 8. b4 cxb4 9. axb4 Nxb4 10. Ba3 Nc6 11. Nb5 Bf8 12. d4 e4 13. Nd2 Bf5 14. e3 a6 15. Nc3 d5 16. Bxf8 Kxf8 17. Qb3 b5 18. cxb5 axb5 19. Rxa8 Qxa8 20. Nxd5 Nxd5 21.
Qxd5 Kg7 22. Nxe4 Rd8 23. Qxb5 Rb8 24. Qc5 Qa6 25. Nd6 1-0

[Event "Late-Titled-Tuesday-Blitz-June-18-2024"]
[Site "Chess.com"]
[Date "2024.06.18"]
[Round "4"]
[White "gabduschew"]
[Black "GasconJR"]
[Result "0-1"]
[WhiteElo "2360"]
[BlackElo "2643"]
[TimeControl "180+1"]
[EndTime "14:40:04 PDT"]
[Termination "GasconJR won by resignation"]

1. e4 e5 2. Nf3 Nc6 3. d4 exd4 4. Nxd4 Nf6 5. Nxc6 bxc6 6. e5 Nd5 7. c4 Bb4+ 8. Nd2 Ne7 9. a3 Bxd2+ 10. Bxd2 O-O 11. Bd3 Rb8 12. Qc2 Ng6 13. f4 d6 14. h4 dxe5 15.
h5 Nxf4 16. Bxh7+ Kh8 17. O-O-O Ne2+ 18. Kb1 Nd4 19. Qe4 c5 20. h6 g6 21. Bxg6 fxg6 22. Qxe5+ Qf6 23. Qxc5 Bf5+ 24. Ka2 Ne6 25. Qxf8+ Qxf8 26.
Bc3+ Nd4 27. Rxd4 Kh7 28. g4 c5 29. Rf4 Bb1+ 30. Kxb1 Qxf4 0-1

[Event "Late-Titled-Tuesday-Blitz-June-18-2024"]
[Site "Chess.com"]
[Date "2024.06.18"]
[Round "4"]
[White "reevecanada"]
[Black "David_ATM"]
[Result "1-0"]
[WhiteElo "2618"]
[BlackElo "2445"]
[TimeControl "180+1"]
[EndTime "14:40:15 PDT"]
[Termination "reevecanada won by checkmate"]

1. Nf3 d6 2. b3 e5 3. Bb2 Nf6 4. d3 g6 5. Nbd2 Bg7 6. h3 O-O 7. g3 b6 8. Bg2 Bb7 9. O-O Nbd7 10. Re1 h6 11. Kh2 Rb8 12. e4 Nc5 13. a4 a5 14.
d4 Ncxe4 15. dxe5 dxe5 16. Nxe4 Nxe4 17. Qxd8 Rfxd8 18. Re2 Re8 19. Rae1 f5 20. Nh4 Kh7 21. Bxe4 Bxe4 22. f3 Bb7 23. Bxe5 Bxe5 24. Rxe5 Rxe5 25.
Rxe5 g5 26. Re7+ Kg8 27. Nxf5 Bxf3 28. Nxh6+ Kh8 29. Nf7+ Kg8 30. Nxg5 Bd1 31. Rxc7 Re8 32. h4 Re2+ 33. Kh3 Bxc2 34. h5 Bxb3 35. h6 Re8 36. Rb7 Bxa4 37. Rg7+ Kf8 38. Nh7# 1-0

[Event "Late-Titled-Tuesday-Blitz-June-18-2024"]
[Site "Chess.com"]
[Date "2024.06.18"]
[Round "4"]
[White "Beaterawn"]
[Black "GlavkonVVS"]
[Result "0-1"]
[WhiteElo "2375"]
[BlackElo "2528"]
[TimeControl "180+1"]
[EndTime "14:40:16 PDT"]
[Termination "GlavkonVVS won by resignation"]

1. e4 Nf6 2. e5 Nd5 3. d4 d6 4.
Nf3 Bg4 5. exd6 cxd6 6. c4 Nb6 7. Nc3 e6 8. Be2 Be7 9. O-O O-O 10. h3 Bh5 11. b3 d5 12. c5 Bxf3 13. Bxf3 Nc8 14.
Bf4 Nc6 15. Nb5 a6 16. Nc3 Bf6 17. Ne2 N8e7 18. Qd2 Nf5 19. Be3 b6 20. Rac1 bxc5 21. Rxc5 Qb6 22. Rfc1 Nce7 23. g4 Nxe3 24. Qxe3 h6 25.
R1c2 Rfc8 26. Nc1 Rxc5 27. dxc5 Qa5 28. Nd3 Rc8 29. Kg2 Nc6 30. Qe1 Qb5 31. Nf4 Nd4 32.
Rc1 Rxc5 33. Rxc5 Qxc5 34. Nd3 Qb5 35. Ne5 Qb8 36. Qe4 dxe4 0-1

[Event "Late-Titled-Tuesday-Blitz-June-18-2024"]
[Site "Chess.com"]
[Date "2024.06.18"]
[Round "4"]
[White "DonJuanEGenaro"]
[Black "Sacbutt"]
[Result "0-1"]
[WhiteElo "1975"]
[BlackElo "2314"]
[TimeControl "180+1"]
[EndTime "14:40:21 PDT"]
[Termination "Sacbutt won on time"]

1. d4 Nf6 2. Nf3 e6 3. e3 b6 4. c4 Bb7 5. Nc3 Bb4 6. Bd3 O-O 7. Qc2 d5 8. cxd5 Qxd5 9. O-O Qh5 10.
e4 Nbd7 11. a3 Bxc3 12. bxc3 c5 13. Bf4 Rac8 14. Qe2 Rfd8 15. h3 cxd4 16. cxd4 Qa5 17. Bd2 Qh5 18. a4 e5 19. dxe5 Nxe5 20. Nxe5 Qxe5 21.
Rfc1 Rxc1+ 22. Rxc1 Qd4 23. Bc2 h6 0-1

[Event "Late-Titled-Tuesday-Blitz-June-18-2024"]
[Site "Chess.com"]
[Date "2024.06.18"]
[Round "4"]
[White "Mikhail_Golubev"]
[Black "VinzentSpitzl"]
[Result "1-0"]
[WhiteElo "2665"]
[BlackElo "2488"]
[TimeControl "180+1"]
[EndTime "14:40:24 PDT"]
[Termination "Mikhail_Golubev won by resignation"]

1. e4 c5 2. Nf3 d6 3. d4 cxd4 4.
Nxd4 Nf6 5. Nc3 a6 6. Bc4 e6 7. Bb3 Nc6 8. Be3 Be7 9. Qe2 Qc7 10. O-O-O Na5 11. g4 Nxb3+ 12. axb3 b5 13. g5 Nd7 14. h4 Bb7 15. f3 b4 16. Na4 Nc5 17.
h5 Nxa4 18. bxa4 Qd7 19. g6 Qxa4 20. Kb1 Bf6 21. gxf7+ Kxf7 22. Qc4 Rhe8 23. Nf5 d5 24. Qc7+ Kg8 25. Rhg1 exf5 26. Rxg7+ Bxg7 27. Rg1 Qxc2+ 28. Qxc2 fxe4 29. Qc7 1-0

[Event "Late-Titled-Tuesday-Blitz-June-18-2024"]
[Site "Chess.com"]
[Date "2024.06.18"]
[Round "4"]
[White "LeonardoL2005"]
[Black "crazy_machine"]
[Result "0-1"]
[WhiteElo "2261"]
[BlackElo "2636"]
[TimeControl "180+1"]
[EndTime "14:40:25 PDT"]
[Termination "crazy_machine won by resignation"]

1. e4 c6 2. Nf3 d5 3. Nc3 Bg4 4. h3 Bxf3 5. Qxf3 Nf6 6. d3 e6 7. g3 Nbd7 8. Bg2 Bc5 9. O-O O-O 10. Qe2 Ne8 11. Kh2 Bd4 12. f4 Nd6 13. f5 Be5 14.
Bf4 Bxf4 15. Rxf4 e5 16. Rh4 d4 17. Nb1 Qb6 18. b3 a5 19. Nd2 a4 20. g4 axb3 21. cxb3 Qd8 22. g5 Qxg5 23. Rg4 Qe3 24. Qd1 Qxd3 25. Rg3 Qb5 26. Bf1 Qb4 27. Nc4 Nxe4 28.
Rg2 Nef6 29. Qd3 Kh8 30. Qg3 Rg8 31. Be2 b5 32. Nxe5 Nxe5 33. Qxe5 Rad8 34. Kh1 d3 35. Bf3 Qd4 36. Qxd4 Rxd4 37. Bxc6 d2 38. Rd1 Rgd8 39. Bxb5 Ne4 40. Bc6 Nc3 41. Rdxd2 Rxd2 42. Rxd2 Rxd2 43. a4 Rb2 44. a5 Rxb3 45. a6 Ra3 46. Bb7 Nb5 47.
Kg2 Nc7 48. Kf2 Nxa6 49. Ke2 Nc5 50. Bd5 Rxh3 51. Bxf7 Ra3 0-1

[Event "Late-Titled-Tuesday-Blitz-June-18-2024"]
[Site "Chess.com"]
[Date "2024.06.18"]
[Round "4"]
[White "EternalNight8"]
[Black "Stanbad1"]
[Result "0-1"]
[WhiteElo "2411"]
[BlackElo "2695"]
[TimeControl "180+1"]
[EndTime "14:40:25 PDT"]
[Termination "Stanbad1 won by resignation"]

1. e4 e6 2. d4 d5 3. Nd2 Nf6 4. e5 Nfd7 5. Bd3 c5 6. c3 Nc6 7. Ne2 cxd4 8. cxd4 f6 9. exf6 Nxf6 10. O-O Bd6 11. Nf3 O-O 12. Bf4 Bxf4 13. Nxf4 Ne4 14. Qc1 Ng5 15. Nxg5 Qxg5 16. Bxh7+ Kxh7 17. Nxe6 Qf6 18. Nxf8+ Qxf8 19. Qg5 Qf5 20. Qxf5+ Bxf5 21. Rfe1 Bg6 22.
Re6 Nxd4 23. Re7 b6 24. Rd1 Nf5 25. Re5 d4 26. g4 Nh4 27. Re7 d3 28. f4 Rd8 29. f5 Be8 30. Kf2 Bc6 31. Kg3 Nf3 32. Rc7 Nd4 33. Kf4 Bb5 34. Ke3 Nc2+ 35. Kd2 Re8 36.
f6 Re2+ 37. Kc3 Ne3 38. Rd2 Nd5+ 39. Kd4 Nxc7 40. f7 Ne6+ 41. Kc3 0-1

[Event "Late-Titled-Tuesday-Blitz-June-18-2024"]
[Site "Chess.com"]
[Date "2024.06.18"]
[Round "4"]
[White "OIAM03"]
[Black "andrzej"]
[Result "0-1"]
[WhiteElo "2045"]
[BlackElo "2448"]
[TimeControl "180+1"]
[EndTime "14:40:25 PDT"]
[Termination "andrzej won on time"]

1. e4 c5 2. c3 Nf6 3. e5 Nd5 4. d4 cxd4 5. Nf3 d6 6. cxd4 Nc6 7. Bc4 Nb6 8. Bb5 dxe5 9. Nxe5 Bd7 10. Nxd7 Qxd7 11.
Nc3 e6 12. O-O Be7 13. Qg4 Kf8 14. Bxc6 bxc6 15. Rd1 h5 16. Qf3 Nd5 17. Ne4 Rd8 18. Bg5 Bxg5 19. Nxg5 h4 20. Rac1 Kg8 21. Rxc6 Nb4 22.
Rc4 Nd5 23. Rdc1 Qe7 24. Nh3 Rh6 25. Qe4 Rg6 26. Nf4 Nxf4 27. Qxf4 h3 28. g3 Qb7 29. Rc6 e5 0-1

[Event "Late-Titled-Tuesday-Blitz-June-18-2024"]
[Site "Chess.com"]
[Date "2024.06.18"]
[Round "4"]
[White "unkiyto"]
[Black "carloseduar100"]
[Result "1-0"]
[WhiteElo "2621"]
[BlackElo "2250"]
[TimeControl "180+1"]
[EndTime "14:40:27 PDT"]
[Termination "unkiyto won by resignation"]

1. e4 e6 2. d4 d5 3. Nd2 c5 4. Ngf3 Nf6 5. e5 Nfd7 6. c3 Nc6 7. Bd3 cxd4 8. cxd4 Qb6 9. O-O Nxd4 10. Nxd4 Qxd4 11.
Nf3 Qb6 12. a3 a5 13. Qa4 Be7 14. Be3 Qd8 15. Rac1 O-O 16. Qg4 f5 17. Qg3 b6 18. h4 Nc5 19. Bb1 Ne4 20. Bxe4 fxe4 21. Nd4 Bxh4 22. Qg4 Rf5 23. Nc6 Bxf2+ 24. Rxf2 Qf8 25.
Rxf5 exf5 26. Qg3 b5 27. Nd4 g6 28. e6 b4 29. Qe5 Qe8 30. Rc7 Qf8 31. e7 Qe8 32.
Bh6 1-0

[Event "Late-Titled-Tuesday-Blitz-June-18-2024"]
[Site "Chess.com"]
[Date "2024.06.18"]
[Round "4"]
[White "cedchass2006"]
[Black "shirovin"]
[Result "1-0"]
[WhiteElo "2328"]
[BlackElo "2113"]
[TimeControl "180+1"]
[EndTime "14:40:29 PDT"]
[Termination "cedchass2006 won on time"]

1. c3 d5 2. d4 f5 3. Nf3 Nf6 4. Bg5 e6 5. e3 Bd6 6. Ne5 O-O 7. Nd2 Nbd7 8. Ndf3 Qe8 9. Bd3 Ne4 10. Bf4 Nxe5 11. Bxe5 Bd7 12. O-O Bxe5 13. Nxe5 b6 14. Qc2 Bb5 15.
f3 Bxd3 16. Qxd3 Nf6 17. c4 Rd8 18. Rac1 Nd7 19. Nc6 Ra8 20. cxd5 exd5 21. Qb3 Nf6 22. Nb4 Rc8 23. Nxd5 Kh8 24. Nxf6 Rxf6 25. Rfe1 Re6 26.
Rc2 c6 27. Rce2 Rd8 28. Kf2 Qe7 29. Qc3 Qh4+ 30. Kg1 Rh6 31. h3 Rg6 32. e4 Qxh3 33. exf5 Rf6 34. gxh3 1-0

[Event "Late-Titled-Tuesday-Blitz-June-18-2024"]
[Site "Chess.com"]
[Date "2024.06.18"]
[Round "4"]
[White "Cuchulin"]
[Black "Chaubunagungamaug1"]
[Result "0-1"]
[WhiteElo "2265"]
[BlackElo "2471"]
[TimeControl "180+1"]
[EndTime "14:40:32 PDT"]
[Termination "Chaubunagungamaug1 won by resignation"]

1. d4 d5 2. Bf4 Nf6 3. e3 c5 4. Nc3 cxd4 5. exd4 a6 6. Nf3 Bg4 7. Be2 Nc6 8. O-O e6 9. h3 Bxf3 10. Bxf3 Bd6 11. Bxd6 Qxd6 12. Ne2 O-O 13. c3 Rac8 14. a4 Rfd8 15. Nc1 Nd7 16. Nd3 b5 17. axb5 axb5 18.
b4 e5 19. dxe5 Ndxe5 20. Nc5 d4 21. Bxc6 Qxc6 22. cxd4 Nc4 23. Ra7 Qf6 24. d5 Nb6 25. Ra6 Rxd5 26. Qe2 Qc6 27. Re1 Rdd8 28. Qe7 Re8 29.
Rxb6 Rxe7 30. Rxe7 Qxb6 0-1

[Event "Late-Titled-Tuesday-Blitz-June-18-2024"]
[Site "Chess.com"]
[Date "2024.06.18"]
[Round "4"]
[White "Msb2"]
[Black "RealPerangel"]
[Result "1-0"]
[WhiteElo "3068"]
[BlackElo "2759"]
[TimeControl "180+1"]
[EndTime "14:40:33 PDT"]
[Termination "Msb2 won by resignation"]

1. d4 c5 2. d5 Nf6 3. c4 g6 4.
Nc3 Bg7 5. e4 O-O 6. h3 d6 7.
Nf3 e6 8. Bd3 exd5 9. cxd5 b5 10. Nxb5 Nxe4 11. Bxe4 Re8 12. Ng5 Qa5+ 13. Nc3 Ba6 14. Bd2 Nd7 15. a4 Qb4 16. Nb5 Rxe4+ 17. Nxe4 Qxe4+ 18. Kf1 Bxb2 19. Rb1 Be5 20. Kg1 Bxb5 21.
axb5 Qxd5 22. Be3 Qxd1+ 23. Rxd1 Rb8 24. f4 Bd4 25. Bxd4 cxd4 26. Rxd4 Rxb5 27. Rxd6 Nc5 28. Kh2 Ne6 29. Rf1 a5 30. Ra6 h5 31. Ra7 h4 32. f5 gxf5 33. Ra1 Rb2 34. R7xa5 Nd4 35. Rd1 Nf3+ 36. Kh1 Ng5 37. Rxf5 Ne4 38. Kh2 Kg7 39. Rf4 Ng5 40. Rdf1 Rxg2+ 41. Kxg2 Nxh3 42. Kxh3 f5 43. Kxh4 1-0

[Event "Late-Titled-Tuesday-Blitz-June-18-2024"]
[Site "Chess.com"]
[Date "2024.06.18"]
[Round "4"]
[White "dropstoneDP"]
[Black "GMG"]
[Result "1-0"]
[WhiteElo "2978"]
[BlackElo "2678"]
[TimeControl "180+1"]
[EndTime "14:40:35 PDT"]
[Termination "dropstoneDP won on time"]

1. e4 c6 2. Nc3 d5 3. Nf3 dxe4 4.
Nxe4 Nf6 5. Qe2 Na6 6. a3 Bf5 7.
Nxf6+ gxf6 8. d3 h5 9. Bd2 Qd5 10. Bc3 O-O-O 11. Nd4 Bg6 12. Qf3 e5 13. Qxd5 cxd5 14.
Nb5 d4 15. Bd2 Rd5 16. c4 dxc3 17. Nxc3 Rd7 18. Be3 Nc5 19. O-O-O Bh6 20. Bxh6 Rxh6 21. b4 Nxd3+ 22. Bxd3 Bxd3 23. Rd2 Rh8 24. Re1 Rhd8 25. f4 exf4 26. Rf2 Rc7 27. Kb2 Rc4 28. Rd1 Rdd4 29. Rfd2 f3 30. gxf3 Rh4 31. Rxd3 Rxh2+ 32. Kb3 1-0

[Event "Late-Titled-Tuesday-Blitz-June-18-2024"]
[Site "Chess.com"]
[Date "2024.06.18"]
[Round "4"]
[White "canhhuan"]
[Black "Goryachkina"]
[Result "0-1"]
[WhiteElo "2498"]
[BlackElo "2667"]
[TimeControl "180+1"]
[EndTime "14:40:35 PDT"]
[Termination "Goryachkina won by checkmate"]

1. e4 c5 2. Nf3 Nc6 3. d4 cxd4 4. Nxd4 e6 5. Nc3 Qc7 6. Be2 Nf6 7. O-O a6 8. a3 Be7 9. f4 d6 10. Nxc6 bxc6 11. Qd3 O-O 12. f5 e5 13. b4 Bb7 14. g4 d5 15. g5 Nxe4 16. Nxe4 dxe4 17.
Qxe4 c5 18. Qc4 Qc6 19. Bf3 e4 20. Be2 cxb4 21. Qxc6 Bxc6 22. axb4 Bxb4 23. Ba3 a5 24. Rfd1 Rac8 25. Bxb4 axb4 26. Rd4 Rfe8 27. Ra5 e3 28. Rc5 Ba4 29. Rxc8 Rxc8 30. Rxb4 Bxc2 31. Kg2 Bxf5 32. Kf3 Re8 33. Bb5 Rb8 34. Rb3 Be6 35. Rd3 h6 36. Bd7 Rd8 37. Bb5 Rxd3 38. Bxd3 hxg5 39. Kxe3 f6 40. Bg6 Bf7 41. Bf5 Kf8 42. Bg4 Ke7 43. Ke4 Kd6 44. Bc8 Be6 45. Bxe6 Kxe6 46. Kf3 f5 47.
Kg2 Ke5 48. Kf3 g4+ 49. Kg3 Ke4 50. h3 gxh3 51. Kxh3 f4 52. Kh4 Ke3 53. Kg5 f3 54. Kg6 f2 55. Kxg7 f1=Q 56. Kg8 Qf5 57. Kg7 Ke4 58.
Kh8 Qd7 59. Kg8 Kf5 60. Kf8 Kf6 61. Kg8 Qg7# 0-1

[Event "Late-Titled-Tuesday-Blitz-June-18-2024"]
[Site "Chess.com"]
[Date "2024.06.18"]
[Round "4"]
[White "azikom"]
[Black "MarceloPlaya"]
[Result "1-0"]
[WhiteElo "2682"]
[BlackElo "2410"]
[TimeControl "180+1"]
[EndTime "14:40:35 PDT"]
[Termination "azikom won on time"]

1. c4 e6 2. Nc3 Nf6 3. e3 d5 4. d4 Bb4 5. Nf3 O-O 6. Bd2 Nc6 7. Rc1 Bxc3 8. Bxc3 Ne4 9. Qc2 Bd7 10. b4 Nxc3 11. Qxc3 Ne7 12. Be2 dxc4 13. Qxc4 Bc6 14. O-O a6 15.
Qc2 Qd5 16. a3 Rfc8 17. Qc5 Qxc5 18. Rxc5 f6 19. Rfc1 Ra7 20. h4 Kf8 21. h5 Ke8 22. Nd2 Kd7 23. f3 b6 24. R5c2 Ba8 25. Kf2 a5 26. b5 c5 27. dxc5 Rxc5 28. Rxc5 bxc5 29. Rxc5 Kd6 30. Rc2 Nd5 31. Nc4+ Ke7 32. Bd3 h6 33. g4 a4 34. e4 Nf4 35. Bf1 e5 36. Ne3 Rd7 37.
Nf5+ Kf7 38. Rc8 Bb7 39. Bc4+ Ne6 40. Rb8 g6 41. hxg6+ 1-0

[Event "Late-Titled-Tuesday-Blitz-June-18-2024"]
[Site "Chess.com"]
[Date "2024.06.18"]
[Round "4"]
[White "Itay121"]
[Black "Seppppppy"]
[Result "0-1"]
[WhiteElo "2521"]
[BlackElo "2254"]
[TimeControl "180+1"]
[EndTime "14:40:39 PDT"]
[Termination "Seppppppy won by checkmate"]

1. d4 Nf6 2. c4 c5 3. Nf3 cxd4 4. Nxd4 Nc6 5. Nc3 g6 6. g3 d6 7. Bg2 Bd7 8. O-O Bg7 9. h3 O-O 10. e4 Nxe4 11. Nxc6 Nxc3 12. Nxd8 Nxd1 13. Nxb7 Nxb2 14. Bxb2 Bxb2 15. Rab1 Bg7 16. c5 Bf5 17. Rbd1 dxc5 18. Nxc5 Rac8 19. Nb3 Rc2 20. g4 Be6 21. Na5 Rxa2 22.
Nc6 Bf6 23. f4 Rc8 24. g5 Rxg2+ 25. Kxg2 Rxc6 26. gxf6 exf6 27. Ra1 Bd5+ 28. Kg3 Rc3+ 29. Kh4 Bg2 30. Rg1 Rxh3+ 31. Kg4 f5+ 32. Kg5 Kg7 33.
Rxa7 Rh5# 0-1

[Event "Late-Titled-Tuesday-Blitz-June-18-2024"]
[Site "Chess.com"]
[Date "2024.06.18"]
[Round "4"]
[White "elis06"]
[Black "topin8"]
[Result "0-1"]
[WhiteElo "2365"]
[BlackElo "2526"]
[TimeControl "180+1"]
[EndTime "14:40:39 PDT"]
[Termination "topin8 won by checkmate"]

1. d4 Nf6 2. c4 e6 3. Nc3 d5 4. Nf3 h6 5. g3 Bd6 6. Bg2 O-O 7. O-O Nc6 8. b3 dxc4 9. bxc4 e5 10. d5 Na5 11. Nd2 b6 12. Bb2 Ba6 13. Nb5 Nxc4 14. Nxc4 Bxb5 15. Nxe5 Bxe5 16. Bxe5 Re8 17. Bxf6 Qxf6 18.
Re1 Rxe2 19. Qb3 Rae8 20. Rxe2 Bxe2 21. Rc1 Re7 22. Qc2 g6 23. Re1 Bb5 24. Rxe7 Qa1+ 25. Bf1 Qxf1# 0-1